 Dungeon Crawl Stone Soup version 0.29.1-13-g9f3cf754e1 (webtiles) character file.

Game seed: 2934031262954502234

18 booth the Nimble (level 2, -4/33 HPs)
             Began as a Gnoll Wanderer on Jan 31, 2023.
             Was a Follower of Qazlal.
             Slain by Jessica
             ... wielding a +2 dagger of electrocution
              (5 damage)
             ... on level 2 of the Dungeon.
             The game lasted 00:06:04 (716 turns).

booth the Nimble (Gnoll Wanderer)                    Turns: 716, Time: 00:06:05

Health: -4/33      AC:  4    Str: 11    XL:     2   Next: 70%
Magic:  2/2        EV: 15    Int: 10    God:    Qazlal [*.....]
Gold:   53         SH:  2    Dex: 12    Spells: 2/2 levels left

rFire   . . .      SeeInvis .   a - +0 dagger
rCold   . . .      Faith    .   (no shield)
rNeg    . . .      Spirit   .   f - +0 leather armour
rPois   .          Reflect  .   (no helmet)
rElec   .          Harm     .   g - +0 cloak
rCorr   .          Rampage  .   (no gloves)
Will    .....                   (no boots)
Stlth   +.........              (no amulet)
HPRegen 0.11/turn               (no ring)
MPRegen 0.08/turn               (no ring)

@: slowed, very slow
A: fangs 1, strong nose, distributed training
a: Renounce Religion


You were on level 2 of the Dungeon.
You worshipped Qazlal.
Qazlal was aware of your devotion.
You visited 1 branch of the dungeon, and saw 2 of its levels.

You collected 53 gold pieces.

Inventory:

Hand Weapons
 a - a +0 dagger (weapon)
 l - a +0 mace
Missiles
 b - 3 throwing nets (quivered)
Armour
 f - a +0 leather armour (worn)
 g - a +0 cloak (worn)
Scrolls
 h - a scroll of fear {unknown}
 i - a scroll of noise {unknown}
 k - a scroll of identify {unknown}
 m - a scroll of summoning {unknown}
 n - a scroll of magic mapping {unknown}
 o - a scroll of teleportation {unknown}
Potions
 d - a potion of lignification
 j - a potion of mutation {unknown}
 p - a potion of might {unknown}


   Skills:
 + Level 8.5 Fighting
 + Level 0.5 Short Blades
 + Level 0.5 Long Blades
 + Level 0.5 Axes
 + Level 0.5 Maces & Flails
 + Level 0.5 Polearms
 + Level 0.5 Staves
 + Level 0.5 Ranged Weapons
 + Level 0.5 Throwing
 + Level 2.5 Armour
 + Level 10.4 Dodging
 + Level 0.5 Stealth
 + Level 0.5 Shields
 + Level 0.5 Unarmed Combat
 + Level 0.5 Spellcasting
 + Level 0.3 Conjurations
 + Level 0.3 Hexes
 + Level 0.3 Summonings
 + Level 0.3 Necromancy
 + Level 0.3 Translocations
 + Level 0.3 Transmutations
 + Level 0.3 Fire Magic
 + Level 0.3 Ice Magic
 + Level 0.3 Air Magic
 + Level 0.3 Earth Magic
 + Level 0.3 Poison Magic
 + Level 0.6 Invocations
 + Level 0.5 Evocations


You had 2 spell levels left.
You didn't know any spells.
Your spell library was empty.

Dungeon Overview and Level Annotations

Branches:
Dungeon (2/15)

Altars:
Qazlal

Annotations:
D:2 Jessica


Innate Abilities, Weirdness & Mutations

You have very sharp teeth.
Your uncanny sense of smell can sniff out nearby items.
Your experience applies equally to all skills.


Message History

Jessica hits you with a +2 dagger of electrocution.
You hit Jessica.
Jessica is heavily wounded.
Jessica misses you.
You barely miss Jessica.
Jessica is heavily wounded.
Jessica hits you with a +2 dagger of electrocution.
You are electrocuted!
* * * LOW HITPOINT WARNING * * *
You feel better.
Jessica points at you and mumbles some strange words.
You feel yourself slow down.
You hit Jessica.
Jessica is severely wounded.
Jessica gestures wildly while chanting.
Jessica seems to speed up.
You hit Jessica but do no damage.
Jessica is heavily wounded.
Jessica misses you.
Jessica grins evilly.
Jessica mumbles some strange words.
Jessica blinks!
Jessica mumbles some strange words.
Jessica blinks!
Jessica gestures wildly while chanting.
Jessica blinks!
Jessica hits you with a +2 dagger of electrocution.
Jessica mumbles some strange words.
Jessica blinks!
Jessica points at you and mumbles some strange words.
You barely resist. Jessica casts a spell at you. Pain shoots through your body!
* * * LOW HITPOINT WARNING * * *
Jessica mumbles some strange words.
Jessica blinks!
You closely miss Jessica. You bite Jessica, but do no damage.
Jessica is heavily wounded.
Jessica hits you with a +2 dagger of electrocution.
You die...

#.# #.# #.# #.#
#.# #.#
#.###########.#
##.##..).......#
...........@@w...#
#
........########.#
#. #.##.# #.# ..#
#.##.# #.#
...##.##<# #.#
#.#.#.##.# #.#
......##.# #.#
#..)...# #.#
...#.#####
#.######


You could see a worm and Jessica (fast).

Vanquished Creatures
  A ball python (D:1)
  4 endoplasms (D:1)
  A goblin (D:1)
  2 hobgoblins (D:1)
  A kobold (D:2)
  4 bats
  A frilled lizard (D:1)
  2 rats (D:1)
16 creatures vanquished.

Notes
Turn   | Place    | Note
-------+----------+-------------------------------------------
     0 | D:1      | Reached skill level 10 in Dodging
     0 | D:1      | booth the Gnoll Wanderer began the quest for the Orb.
     0 | D:1      | booth set off with the following items: a +0 dagger, 3
                  | throwing nets, a potion of curing, a potion of
                  | lignification, a potion of heal wounds, a +0 leather
                  | armour.
     0 | D:1      | Reached XP level 1. HP: 26/26 MP: 1/1
   218 | D:1      | Found a faded altar of an unknown god.
   224 | D:1      | Prayed at the altar of an unknown god.
   224 | D:1      | Became a worshipper of Qazlal Stormbringer
   224 | D:1      | Reached * piety under Qazlal
   270 | D:1      | Reached XP level 2. HP: 31/33 MP: 2/2
   695 | D:2      | Noticed Jessica
   715 | D:2      | HP: 1/33 [Jessica/nerve-wracking pain (10)]
   716 | D:2      | Slain by Jessica

Illustrated notes

Levels and vault maps discovered:
D:1:      amcnicky_arrival_gap_in_the_tavern_cellar, layout_basic,
          ebering_ecumenical_altar_hall
D:2:      layout_loops_ring, uniq_jessica

Skill      XL: | |
---------------+-+-----
Dodging        | | 10.4
Fighting       | |  8.5
Short Blades   | |  0.5
Long Blades    | |  0.5
Axes           | |  0.5
Maces & Flails | |  0.5
Polearms       | |  0.5
Staves         | |  0.5
Ranged Weapons | |  0.5
Throwing       | |  0.5
Armour         | |  2.5
Stealth        | |  0.5
Shields        | |  0.5
Unarmed Combat | |  0.5
Spellcasting   | |  0.5
Conjurations   | |  0.3
Hexes          | |  0.3
Summonings     | |  0.3
Necromancy     | |  0.3
Translocations | |  0.3
Transmutations | |  0.3
Fire Magic     | |  0.3
Ice Magic      | |  0.3
Air Magic      | |  0.3
Earth Magic    | |  0.3
Poison Magic   | |  0.3
Invocations    | |  0.6
Evocations     | |  0.5

Action                   || total
-------------------------++-------
Melee: Dagger            ||    77
       Bite              ||     6
       Punch             ||     1
  Use: Potion            ||     2
Armor: Leather armour    ||    16
Dodge: Dodged            ||    56
Block: Other             ||     3
